 Dungeon Crawl Stone Soup version 0.28.0-47-ge53b351184 (webtiles) character file.

Game seed: 6809074930135957184

1719 Cykl0x the Geomancer (level 9, -1/48 HPs)
             Began as a Gargoyle Earth Elementalist on May 9, 2022.
             Was an Initiate of Vehumet.
             Engulfed by a steam dragon's steam (9 damage)
             ... on level 6 of the Dungeon.
             The game lasted 00:10:07 (6799 turns).

Cykl0x the Geomancer (Gargoyle Earth Elementalist)  Turns: 6799, Time: 00:10:08

Health: -1/48      AC: 12    Str: 14    XL:     9   Next: 4%
Magic:  25/27      EV: 10    Int: 18    God:    Vehumet [......]
Gold:   431        SH:  0    Dex: 10    Spells: 14/20 levels left

rFire   . . .      SeeInvis .   k - staff of air
rCold   . . .      Faith    .   (no shield)
rNeg    + . .      Spirit   .   q - +0 ring mail
rPois   ∞          Reflect  .   (no helmet)
rElec   +          Harm     .   (no cloak)
rCorr   +          Rampage  .   r - +0 pair of gloves
Will    .....                   (no boots)
Stlth   +.........              (no amulet)
HPRegen 0.16/turn               e - ring of magical power
MPRegen 0.20/turn               a - ring of resist corrosion

@: no status effects
A: sickness immunity, AC +6, negative energy resistance 1, electricity
resistance, torment resistance 1, petrification resistance
a: Renounce Religion


You were on level 6 of the Dungeon.
You worshipped Vehumet.
Vehumet was noncommittal.
You visited 2 branches of the dungeon, and saw 7 of its levels.

You collected 431 gold pieces.

Inventory:

Hand Weapons
 g - a +3 short sword of venom
Missiles
 c - 132 stones
 s - a throwing net
Armour
 b - a +1 robe
 m - a +0 leather armour
 q - a +0 ring mail (worn)
 r - a +0 pair of gloves (worn)
Magical Staves
 k - a staff of air (weapon)
Jewellery
 a - a ring of resist corrosion (right hand)
 e - a ring of magical power (left hand)
 j - a ring of see invisible
 l - a ring of willpower
 n - an amulet of magic regeneration
Wands
 v - a wand of iceblast (5)
Scrolls
 h - 2 scrolls of enchant armour
 o - 2 scrolls of identify
 u - a scroll of enchant weapon
Potions
 d - 3 potions of heal wounds
 f - a potion of lignification
 i - 2 potions of flight
 p - a potion of ambrosia
 w - a potion of haste


   Skills:
 * Level 2.2 Fighting
 + Level 1.7 Armour
 + Level 2.2 Dodging
 - Level 2.1 Stealth
 + Level 6.3 Spellcasting
 * Level 5.5 Conjurations
 - Level 0.7 Transmutations
 + Level 8.6 Earth Magic


You had 14 spell levels left.
You knew the following spells:

 Your Spells              Type           Power      Damage    Failure   Level
a - Sandblast             Erth           72%        2d16      1%          1
b - Stone Arrow           Conj/Erth      62%        3d10      3%          3
c - Passwall              Tmut/Erth      18%        N/A       4%          2

Your spell library contained the following spells:

 Spells                   Type           Power      Damage    Failure   Level
 Petrify                  Tmut/Erth      22%        N/A       32%         4


Dungeon Overview and Level Annotations

Branches:
Dungeon (6/15)             Temple (1/1) D:6

Altars:
Elyvilon
Gozag
Hepliaklqana
Kikubaaqudgha
Makhleb
Qazlal
Vehumet
The Shining One

Shops:
D:2 [


Innate Abilities, Weirdness & Mutations

You are immune to sickness and miasma.
Your stone body is resilient. (AC +6)
You are immune to poison.
You resist negative energy. (rN+)
You are resistant to electric shocks. (rElec)
You are resistant to unholy torment.
You are immune to petrification.


Message History

There is a radiant altar of Vehumet here.
You kneel at the altar of Vehumet.
Vehumet welcomes you!
(D) Dungeon (T) Temple
Where to? (Enter - Temple, ? - help)
There is a staircase back to the Dungeon here.
You climb upwards.
Welcome back to the Dungeon!
There is a staircase to the Ecumenical Temple here.
There is an open door here.
You see here a sky beast corpse.
You now have 414 gold pieces (gained 7).
You now have 431 gold pieces (gained 17).
You open the door.
A steam dragon comes into view.
The steam dragon hisses angrily.
The steam dragon breathes steam at you. The ball of steam hits you!
The steam dragon moves out of view.
You're standing in a cloud of steam!
You're standing in a cloud of steam!
You are engulfed in a cloud of scalding steam.
The steam dragon breathes steam at you. The ball of steam hits you!
Casting: Stone Arrow (dangerous; 3% risk of failure)
Confirm with . or Enter, or press ? or * to list all spells.
You don't know that spell.
The steam dragon breathes steam at you. The ball of steam hits you!
* * * LOW HITPOINT WARNING * * *
You are engulfed in a cloud of scalding steam.
Casting: Stone Arrow (dangerous; 3% risk of failure)
Confirm with . or Enter, or press ? or * to list all spells.
Aiming: Passwall (safe; 4% risk of failure)
Press: ? - help, Dir - move target A rock wall.
You are engulfed in a cloud of scalding steam.
You begin to meditate on the wall.
You continue meditating on the rock.
You are engulfed in a cloud of scalding steam.
You continue meditating on the rock.
You are engulfed in a cloud of scalding steam.
You die...

##### ≈≈≈≈≈ ..D§§≈
§≈≈§D≈###
.≈≈§.§§.################
#..D§.D§.@.......#
################.#
#.......#########
#.#####........<#
#.####..... #.##
###.####..... #...
#...†.##..... #..#
#.###.##...#. #.. #.#.#
#.....###


You could see a steam dragon (catching breath).

Vanquished Creatures
  2 orc warriors
  A sky beast (D:6)
  An ice beast (D:5)
  A black bear (D:5)
  A necrophage (D:6)
  2 ogres
  2 bullfrogs (D:6)
  3 orc priests
  2 gnoll shamans (D:4)
  3 hounds (D:4)
  4 jellies
  A bullfrog skeleton (D:4)
  An iguana (D:4)
  2 orc wizards
  A hound skeleton (D:5)
  22 gnolls (D:4)
  7 adders
  A shadow imp (D:5)
  An adder skeleton (D:3)
  3 worms
  26 orcs
  6 endoplasms
  A giant cockroach (D:1)
  4 goblins
  5 hobgoblins
  15 jackals (D:4)
  2 quokkas
  5 ball pythons
  4 bats
  A frilled lizard (D:1)
  4 kobolds
  8 rats
142 creatures vanquished.

Vanquished Creatures (others)
  A human (D:4)
1 creature vanquished.

Grand Total: 143 creatures vanquished

Notes
Turn   | Place    | Note
-------+----------+-------------------------------------------
     0 | D:1      | Cykl0x the Gargoyle Earth Elementalist began the quest for
                  | the Orb.
     0 | D:1      | Reached XP level 1. HP: 10/10 MP: 3/3
   216 | D:1      | Reached XP level 2. HP: 15/15 MP: 3/5
   306 | D:1      | Found a faded altar of an unknown god.
   348 | D:1      | Reached skill level 4 in Earth Magic
   388 | D:1      | Reached skill level 1 in Conjurations
   882 | D:2      | Reached XP level 3. HP: 19/19 MP: 6/6
   889 | D:2      | Learned a level 3 spell: Stone Arrow
   954 | D:2      | Found Taupuez's Armour Shoppe.
  2051 | D:3      | Reached XP level 4. HP: 24/24 MP: 7/7
  2653 | D:3      | Reached skill level 5 in Earth Magic
  2820 | D:3      | Reached XP level 5. HP: 25/28 MP: 9/9
  2889 | D:3      | Found an opulent altar of Gozag.
  2937 | D:4      | Found an ancient bone altar of Kikubaaqudgha.
  3220 | D:4      | Reached XP level 6. HP: 32/32 MP: 8/11
  3345 | D:4      | Reached skill level 6 in Earth Magic
  3363 | D:4      | HP: 1/33 [gnoll/+0 spear (4)]
  3585 | D:4      | Reached XP level 7. HP: 37/37 MP: 13/13
  4439 | D:4      | Found a glowing golden altar of the Shining One.
  4454 | D:4      | Noticed a human
  4455 | D:4      | Killed a human
  4675 | D:4      | Reached skill level 7 in Earth Magic
  4814 | D:4      | Found a hazy altar of Hepliaklqana.
  4973 | D:5      | Entered Level 5 of the Dungeon
  5038 | D:5      | Reached skill level 5 in Spellcasting
  5038 | D:5      | Reached XP level 8. HP: 42/42 MP: 15/15
  5092 | D:5      | Learned a level 2 spell: Passwall
  5552 | D:5      | Reached skill level 1 in Armour
  5556 | D:5      | Reached skill level 5 in Conjurations
  6028 | D:5      | Reached skill level 8 in Earth Magic
  6217 | D:6      | Reached skill level 1 in Fighting
  6507 | D:6      | Found a burning altar of Makhleb.
  6574 | D:6      | Found a staircase to the Ecumenical Temple.
  6588 | D:6      | Reached XP level 9. HP: 48/48 MP: 14/18
  6596 | Temple   | Entered the Ecumenical Temple
  6709 | Temple   | Became a worshipper of Vehumet
  6799 | D:6      | Engulfed by a steam dragon's steam

Illustrated notes

Levels and vault maps discovered:
D:1:      lemuel_arrival_cross, layout_basic, ebering_ecumenical_altar_rust,
          corexii_leaking_fountain, minmay_octomino_j4
D:2:      layout_basic, serial_shops, nicolae_lakefront_shop
D:3:      layout_basic, mainiacjoe_overflow_alcove_4, st_stairs_2
D:4:      lemuel_castle_with_subvaults [lemuel_castle_interior_carwin_3],
          layout_cave_pools, nzn_hepliaklqana_mist_gate, tgw_kikubaaqudgha,
          lemuel_round_altar, nicolae_underground_beach
D:5:      layout_layer_cave, chequers_serial_rivers_room_a, item_on_display_a
D:6:      layout_loops_ring, tgw_sif, bloody_makhleb, ashenzari_altar_1,
          minmay_temple_entry_enclosed_plants, kennysheep_generic_room_11
Temple:   minmay_temple_curvy_loop

Skill      XL: |  1  2  3  4  5  6  7  8 |
---------------+-------------------------+-----
Earth Magic    | 4 5 6 7 8 |  8.6
Conjurations   | 1 2 3 4 5 |  5.5
Spellcasting   | 3 4 5 6 |  6.3
Dodging        | 2 |  2.2
Armour         | 1 |  1.7
Fighting       | 2 |  2.2
Stealth        | |  2.1
Transmutations | |  0.7

Action                   |  1- 3 |  4- 6 |  7- 9 || total
-------------------------+-------+-------+-------++-------
Melee: Unarmed           |     5 |       |       ||     5
       Staff             |       |     1 |       ||     1
 Cast: Sandblast         |    24 |    60 |    70 ||   154
       Stone Arrow       |    12 |    22 |    51 ||    85
       Passwall          |       |       |     3 ||     3
  Use: Scroll            |     4 |     5 |     3 ||    12
       Potion            |       |     1 |       ||     1
Armor: Robe              |     4 |     6 |     5 ||    15
       Leather armour    |       |       |     7 ||     7
       Ring mail         |       |       |     6 ||     6
Dodge: Dodged            |     6 |    21 |    35 ||    62
